 Dungeon Crawl Stone Soup version 0.25.1-2-g60ff931df9 (webtiles) character file.

Game seed: 13364305336023059864

173 hawla the Magician (level 5, -1/38 HPs)
             Began as a Draconian Conjurer on Nov 17, 2020.
             Slain by Crazy Yiuf
             ... wielding a +4 quarterstaff of chaos
              (12 damage)
             ... on level 2 of the Dungeon.
             The game lasted 00:07:45 (2460 turns).

hawla the Magician (Draconian Conjurer)             Turns: 2460, Time: 00:07:45

Health: -1/38      AC:  7    Str: 10    XL:     5   Next: 28%
Magic:  5/12       EV: 12    Int: 16    God:
Gold:   105        SH:  0    Dex: 12    Spells: 7/14 levels left

rFire    + . .     SeeInvis .   (no weapon)
rCold    + . .     Gourm    .   (no shield)
rNeg     . . .     Faith    .   (armour unavailable)
rPois    +         Spirit   .   (helmet restricted)
rElec    +         Reflect  .   (no cloak)
rCorr    +         Harm     .   q - +1 pair of gloves
MR       .....                  (no boots)
Stlth    ++........             (no amulet)
HPRegen  0.12/turn              (no ring)
MPRegen  0.13/turn              (no ring)

@: resistant
A: unfitting armour, cold-blooded, AC +5
a: no special abilities


You were on level 2 of the Dungeon.
You were not hungry.

You visited 1 branch of the dungeon, and saw 2 of its levels.

You collected 105 gold pieces.

Inventory:

Missiles
 d - 38 poisoned darts (quivered)
 g - a throwing net
 s - 8 silver javelins
Armour
 q - a +1 pair of gloves (worn)
Jewellery
 e - a +4 ring of slaying
Wands
 c - a wand of flame (23)
Scrolls
 a - 4 scrolls of remove curse {unknown}
 h - a scroll of immolation {unknown}
 i - a scroll of identify
 l - a scroll of enchant weapon
Potions
 f - a potion of flight
 m - 2 potions of magic
 n - 2 potions of degeneration {unknown}
 o - 2 potions of curing {unknown}
 p - a potion of stabbing {unknown}
 r - a potion of invisibility {unknown}
 t - 2 potions of lignification {unknown}
Comestibles
 b - 4 rations


   Skills:
 - Level 1.7 Dodging
 - Level 1.7 Stealth
 + Level 5.1 Spellcasting
 + Level 4.0 Conjurations
 + Level 0.0 Translocations


You had 7 spell levels left.
You knew the following spells:

 Your Spells              Type           Power        Failure   Level  Hunger
a - Magic Dart            Conj           ###.         3%          1    None
b - Searing Ray           Conj           ###...       4%          2    #......
c - Iskenderun's Mystic   Conj/Tloc      ##......     54%         4    ####...

Your spell library contained the following spells:

 Spells                   Type           Power        Failure   Level  Hunger
 Dazzling Flash           Conj/Hex       ##....       21%         3    ###....
 Fulminant Prism          Conj/Hex       ##........   54%         4    ####...


Dungeon Overview and Level Annotations

Branches:
Dungeon (2/15)

Altars:

Annotations:
D:2 Crazy Yiuf


Innate Abilities, Weirdness & Mutations

Your plain brown scales are hard. (AC +5)
You cannot fit into any form of body armour.
You are cold-blooded and may be slowed by cold attacks.


Message History

Crazy Yiuf hits you with a +4 quarterstaff of chaos.
Crazy Yiuf hits you with a +4 quarterstaff of chaos.
You feel less invigorated.
You feel less confused.
Crazy Yiuf whimpers, "Dawk Xom water!"
Crazy Yiuf misses you.
Crazy Yiuf hits you with a +4 quarterstaff of chaos.
Crazy Yiuf hits you with a +4 quarterstaff of chaos!
* * * LOW HITPOINT WARNING * * *
You feel your power leaking away.
Casting: Searing Ray (safe; 4% risk of failure)
Confirm with . or Enter, or press ? or * to list all spells.
Aiming: Searing Ray (safe; 4% risk of failure)
Press: ? - help, Shift-Dir - straight line, f/p - Crazy Yiuf
Aim: Crazy Yiuf, wielding a +4 quarterstaff of chaos and wearing a +0 cloak (heavily wounded)
The searing ray hits Crazy Yiuf.
Crazy Yiuf is heavily wounded. (Press . to maintain the ray.) Crazy Yiuf hits you with a +4 quarterstaff of chaos!
You die...

.# ###........# .#
#........# .#####........#
....##...###### .##.....##
...##....# ♣♣♣♣♣###
#........# ### ♣♣♣.♣).).##
.........#
#..)#♣..♣)..)..##
....####.#
#.).g@♣♣♣♣......#
......##.# #)..#♣♣ ♣♣.....#
.........# ### ♣♣###.#
...##..#.# #..# ........##
#.##
#.......############### #.#
#........#.....#......###)#
#..............#..........#
......................#####


You could see Crazy Yiuf.

Vanquished Creatures
  Jessica (D:2)
  Natasha (thrice) (D:2)
  An adder (D:2)
  2 oozes (D:1)
  2 worms (D:2)
  A dart slug (D:1)
  2 leopard geckos (D:2)
  8 giant cockroaches
  4 goblins
  5 hobgoblins
  3 jackals
  4 kobolds
  A ball python (D:1)
  3 bats
  2 frilled lizards
  5 rats
47 creatures vanquished.

Notes
Turn   | Place    | Note
-------+----------+-------------------------------------------
     0 | D:1      | hawla the Draconian Conjurer began the quest for the Orb.
     0 | D:1      | Reached XP level 1. HP: 14/14 MP: 3/3
   494 | D:1      | Reached XP level 2. HP: 20/20 MP: 2/5
   650 | D:1      | Learned a level 2 spell: Searing Ray
   655 | D:1      | Reached skill level 3 in Spellcasting
   882 | D:1      | Reached XP level 3. HP: 25/26 MP: 1/7
  1208 | D:2      | Noticed Jessica
  1425 | D:2      | Killed Jessica
  1425 | D:2      | Reached skill level 4 in Spellcasting
  1433 | D:2      | Noticed Natasha
  1464 | D:2      | Reached XP level 4. HP: 28/33 MP: 6/10
  1517 | D:2      | Killed Natasha
  1545 | D:2      | Noticed Natasha
  1583 | D:2      | Killed Natasha
  1606 | D:2      | Noticed Natasha
  1661 | D:2      | Killed Natasha
  1661 | D:2      | Reached skill level 5 in Spellcasting
  1661 | D:2      | Reached XP level 5. HP: 31/38 MP: 7/12
  2251 | D:2      | Found a runed translucent door.
  2252 | D:2      | Noticed Crazy Yiuf
  2440 | D:2      | Learned a level 4 spell: Iskenderun's Mystic Blast
  2460 | D:2      | Slain by Crazy Yiuf

Illustrated notes

Levels and vault maps discovered:
D:1:      ncdulo_wetmaze, layout_rooms
D:2:      layout_rooms, first_ration, uniq_natasha, uniq_crazy_yiuf_cottage,
          uniq_jessica

Skill      XL: |  1  2  3  4 |
---------------+-------------+-----
Spellcasting   | 3 4 5 |  5.1
Dodging        | |  1.7
Stealth        | |  1.7
Conjurations   | |  4.0

Action                   |  1- 3 |  4- 6 || total
-------------------------+-------+-------++-------
Melee: Unarmed           |    38 |       ||    38
       Tailslap          |     6 |       ||     6
 Cast: Magic Dart        |    45 |    32 ||    77
       Searing Ray       |     7 |    12 ||    19
  Use: Scroll            |     8 |       ||     8
       Potion            |       |     2 ||     2
  Eat: Chunk             |     2 |     4 ||     6
Armor: Skin              |    15 |    10 ||    25
Dodge: Dodged            |    24 |    16 ||    40
